 Dungeon Crawl Stone Soup version 0.29.1-15-g9cfb28693d (webtiles) character file.

Game seed: 15505218708844785997

156 javelincjr the Magician (level 5, -2/55 HPs)
             Began as a Demonspawn Hedge Wizard on Mar 30, 2023.
             Slain by an orc wizard
             ... wielding a +1 dagger of holy wrath
              (3 damage)
             ... on level 4 of the Dungeon.
             The game lasted 00:13:43 (3897 turns).

javelincjr the Magician (Demonspawn Hedge Wizard)   Turns: 3897, Time: 00:13:44

Health: -2/55      AC:  2    Str: 12    XL:     5   Next: 15%
Magic:  8/10       EV: 12    Int: 16    God:
Gold:   138        SH:  0    Dex: 12    Spells: 8/11 levels left

rFire   . . .      SeeInvis .   w - +1 falchion (drain)
rCold   . . .      Faith    .   (no shield)
rNeg    . . .      Spirit   .   b - +0 robe
rPois   .          Reflect  .   c - +0 hat
rElec   .          Harm     .   (no cloak)
rCorr   .          Rampage  .   (no gloves)
Will    .....                   (no boots)
Stlth   ..........              (no amulet)
HPRegen 0.18/turn               (no ring)
MPRegen 0.12/turn               (no ring)

@: berserking, very quick
A: demonic magic 1, weakness stinger 1
a: no special abilities


You were on level 4 of the Dungeon.
You visited 1 branch of the dungeon, and saw 4 of its levels.

You collected 160 gold pieces.
You spent 22 gold pieces at shops.

Inventory:

Hand Weapons
 a - a +0 dagger
 e - a +0 short sword of draining
 n - a +1 dagger of venom
 w - a +1 falchion of draining (weapon)
Missiles
 p - a throwing net
Armour
 b - a +0 robe (worn)
 c - a +0 hat (worn)
 t - a +0 kite shield
 v - a +0 buckler
Scrolls
 f - 2 scrolls of poison
 i - a scroll of torment
 k - 2 scrolls of enchant weapon
 l - a scroll of teleportation {unknown}
 m - a scroll of vulnerability {unknown}
 r - a scroll of amnesia {unknown}
 s - a scroll of blinking {unknown}
 u - a scroll of summoning {unknown}
 x - a scroll of noise {unknown}
 y - a scroll of butterflies {unknown}
Potions
 d - 2 potions of magic
 h - 2 potions of attraction
 j - a potion of ambrosia {unknown}
 q - a potion of invisibility {unknown}


   Skills:
 * Level 1.5 Fighting
 + Level 0.5 Short Blades
 + Level 0.7 Armour
 + Level 2.3 Dodging
 - Level 2.1 Stealth
 * Level 3.6 Spellcasting
 + Level 1.8 Conjurations
 + Level 2.0 Summonings
 + Level 1.6 Translocations


You had 8 spell levels left.
You knew the following spells:

 Your Spells              Type           Power      Damage    Failure   Level
a - Magic Dart            Conj           32%        1d4       9%          1
b - Call Imp              Summ           9%         N/A       12%         2

Your spell library contained the following spells:

 Spells                   Type           Power      Damage    Failure   Level
 Blink                    Tloc           16%        N/A       14%         2
 Slow                     Hex            8%         N/A       19%         1
 Sublimation of Blood     Necr           2%         N/A       26%         2
 Wereblood                Tmut           2%         N/A       26%         2
 Conjure Flame            Conj/Fire      5%         6-21      34%         3
 Dazzling Flash           Conj/Hex       10%        N/A       34%         3
 Mephitic Cloud           Conj/Pois/Air  4%         N/A       38%         3
 Agony                    Necr           2%         N/A       99%         5
 Silence                  Hex/Air        1%         N/A       99%         5
 Summon Hydra             Summ           4%         N/A       100%        7


Dungeon Overview and Level Annotations

Branches:
Dungeon (4/15)
 Temple: D:4-7

Altars:
Nemelex Xobeh

Shops:
D:3 ?[[?(


Innate Abilities, Weirdness & Mutations

Spells you cast may paralyse adjacent enemies.
You have a small tail.


Message History

The orc wizard casts a spell at you. The magic dart hits you!
You are too injured to fight recklessly!
You are too injured to fight recklessly!
You slash the orc wizard! You drain the orc wizard.
The orc wizard is almost dead.
The orc wizard points at you and mumbles some strange words.
You are confused.
You bump into the rock wall.
You barely miss the orc.
Your tail-slap misses the orc.
You bump into the rock wall.
The orc barely misses you.
You closely miss the orc.
You tail-slap the orc, but do no damage.
The orc completely misses you.
You're too confused to cast spells.
You're too confused to cast spells.
You bump into the rock wall.
The orc barely misses you.
You bump into the rock wall.
You feel less confused. The orc barely misses you.
You closely miss the orc. The orc barely misses you.
The orc hits you with a +0 war axe!
* * * LOW HITPOINT WARNING * * *
A red film seems to cover your vision as you go berserk!
You feel yourself moving faster!
You feel mighty! The orc barely misses you.
The orc wizard gestures wildly while chanting.
The orc wizard flickers and vanishes!
Deactivating autopickup; reactivate with Ctrl-A.
You slash the orc!
You kill the orc!
You barely miss the orc. The orc hits you with a +0 mace.
* * * LOW HITPOINT WARNING * * *
You slash the orc!
You kill the orc!
The orc hits you with a +0 flail!
* * * LOW HITPOINT WARNING * * *
Something hits you.
* * * LOW HITPOINT WARNING * * *
You convulse.
You die...

#######.#.#.###.##
.##<......#.#...#
.####.....#.#.###
.####.##..#.#.#
......##....#.# #######
.#######.####.# ..?....
.÷.#####......# .......
.......##########...?...
###†............@{......
#.##.##########o......
#)##.# ....... #.##.#
....... #.##.# .......
#.#### ....... ..#
....... ... .######


You could see an orc.

Vanquished Creatures
  An orc wizard (D:3)
  7 adders
  2 worms
  2 dart slugs
  7 orcs
  A bat (D:3)
  4 endoplasms
  2 giant cockroaches
  6 goblins
  5 hobgoblins
  6 kobolds
  A quokka (D:4)
  5 ball pythons
  3 frilled lizards
  A rat (D:2)
53 creatures vanquished.

Notes
Turn   | Place    | Note
-------+----------+-------------------------------------------
     0 | D:1      | javelincjr the Demonspawn Hedge Wizard began the quest for
                  | the Orb.
     0 | D:1      | Reached XP level 1. HP: 13/13 MP: 4/4
   272 | D:1      | Reached skill level 1 in Translocations
   426 | D:1      | Gained mutation: Spells you cast may paralyse adjacent
                  | enemies. [demonic ancestry]
   426 | D:1      | Reached XP level 2. HP: 19/19 MP: 1/6
   884 | D:1      | Found a faded altar of an unknown god.
  1243 | D:2      | Reached XP level 3. HP: 21/24 MP: 0/7
  1926 | D:2      | Gained mutation: You have a small tail. [demonic ancestry]
  1926 | D:2      | Reached XP level 4. HP: 29/31 MP: 1/9
  1929 | D:2      | Learned a level 2 spell: Call Imp
  2609 | D:3      | Found Nuewkafi's Antique Weapon Boutique.
  2940 | D:3      | Reached skill level 1 in Fighting
  3220 | D:3      | Found Kuxofeq's Armour Emporium.
  3233 | D:3      | Found a sparkling altar of Nemelex Xobeh.
  3395 | D:3      | Found Saceanongi's Magic Scroll Emporium.
  3398 | D:3      | Bought a scroll of identify for 22 gold pieces
  3458 | D:3      | Found Edun's Magic Scroll Boutique.
  3459 | D:3      | Found Agrinim's Antique Armour Emporium.
  3644 | D:4      | Reached XP level 5. HP: 23/37 MP: 7/10
  3897 | D:4      | HP: 1/55 [something (3)]
  3897 | D:4      | Slain by an orc wizard

Illustrated notes

Levels and vault maps discovered:
D:1:      eino_arrival_water_cross, layout_loops_ring,
          hellmonk_ecumenical_altar_leap_of_faith
D:2:      layout_loops_corners
D:3:      layout_rooms, old_standard_altar, serial_shops, shop, shop, shop,
          nicolae_shop_behind_doors, shop_statue,
          minmay_misc_feat_secret_circle, roderic_roman_lattice, eino_curves_03
D:4:      layout_basic, nicolae_wu_jian_wuxing_cycle

Skill      XL: |  1  2  3  4  5 |
---------------+----------------+-----
Translocations | 1 |  1.6
Dodging        | 2 |  2.3
Stealth        | 2 |  2.1
Fighting       | 1 |  1.5
Summonings     | 2 |  2.0
Short Blades   | |  0.5
Armour         | |  0.7
Spellcasting   | |  3.6
Conjurations   | |  1.8

Action                   |  1- 3 |  4- 6 || total
-------------------------+-------+-------++-------
Melee: Dagger            |    32 |     8 ||    40
       Falchion          |       |    14 ||    14
       Tailslap          |       |     3 ||     3
       Punch             |       |     1 ||     1
 Cast: Magic Dart        |    64 |    66 ||   130
  Use: Scroll            |       |     5 ||     5
       Potion            |       |     1 ||     1
 Stab: Paralysed         |     3 |     6 ||     9
       Sleeping          |     1 |       ||     1
Armor: Robe              |     6 |     4 ||    10
Dodge: Dodged            |    10 |    11 ||    21
